[ PARTIDA AOE2 · #493945653 ]
UnrankedTeutones vs Berbers
Equipo del jugador · DERR
Equipo rival · VICT
[ ANÁLISIS DE REPETICIÓN · EXTRAÍDO DE LA PARTIDA GRABADA ]
Feudal
9:58
Castillos
—
Imperial
—
| APM promedio | 32.4 |
| APM pico | 59 |
| eAPM promedio | 18.7 |
| Aldeanos / militares | 44 / 0 |
Foco
⚔️ 16.3% · 🌾 83.7%
Feudal
10:02
Castillos
20:21
Imperial
—
| APM promedio | 21.4 |
| APM pico | 43 |
| eAPM promedio | 13.7 |
| Aldeanos / militares | 29 / 0 |
Foco
⚔️ 6.6% · 🌾 93.4%
Mapa de la partida
Recursos iniciales + cada clic de construcción. Líneas = muros · curvas = relieve. ◆ oro · ⬟ piedra · ● bayas · ✦ reliquia · ◌ hueco del cierre
Tu base· Abierta — flanco sin cerrar
Base de DL· Abierta — flanco sin cerrar
Terreno inicial suavizado · ◌ = hueco del cierre detectado · pasá el cursor para detalles
Inputs por minuto
— Fs.Corisco^Hs - - DL
Build order — Fs.Corisco^Hs
74 acciones detectadas en el replay
| 0:01 | Crear | Villager (Male) |
| 0:01 | Crear | Villager (Male) |
| 0:01 | Crear | Villager (Male) |
| 0:02 | Construir | House |
| 0:04 | Construir | House |
| 0:16 | Crear | Villager (Male) |
| 1:31 | Crear | Villager (Male) |
| 1:31 | Crear | Villager (Male) |
| 1:46 | Construir | Lumber Camp |
| 1:59 | Crear | Villager (Male) |
| 2:00 | Crear | Villager (Male) |
| 2:20 | Crear | Villager (Male) |
| 2:21 | Crear | Villager (Male) |
| 2:50 | Crear | Villager (Male) |
| 2:50 | Crear | Villager (Male) |
| 3:00 | Crear | Villager (Male) |
| 3:00 | Crear | Villager (Male) |
| 3:34 | Crear | Villager (Male) |
| 3:34 | Crear | Villager (Male) |
| 4:07 | Investigar | Loom |
| 4:16 | Construir | House |
| 4:25 | Crear | Villager (Male) |
| 4:25 | Crear | Villager (Male) |
| 4:26 | Crear | Villager (Male) |
| 4:49 | Construir | House |
| 5:08 | Construir | Mill |
| 5:18 | Crear | Villager (Male) |
| 5:18 | Crear | Villager (Male) |
| 5:18 | Crear | Villager (Male) |
| 6:45 | Crear | Villager (Male) |
| 6:48 | Crear | Villager (Male) |
| 7:48 | Investigar | Feudal Age |
| 7:56 | Construir | Mining Camp |
| 8:31 | Crear | Villager (Male) |
| 8:31 | Crear | Villager (Male) |
| 9:58 | Edad | Edad Feudal |
| 10:05 | Construir | Watch Tower |
| 10:24 | Crear | Villager (Male) |
| 10:24 | Crear | Villager (Male) |
| 10:47 | Crear | Villager (Male) |
| 11:25 | Crear | Villager (Male) |
| 11:25 | Crear | Villager (Male) |
| 11:32 | Construir | Watch Tower |
| 11:39 | Construir | Palisade Wall |
| 11:41 | Construir | Palisade Wall |
| 11:45 | Construir | Palisade Wall |
| 13:08 | Crear | Villager (Male) |
| 13:08 | Crear | Villager (Male) |
| 13:53 | Construir | Watch Tower |
| 13:59 | Crear | Villager (Male) |
| 13:59 | Crear | Villager (Male) |
| 13:59 | Crear | Villager (Male) |
| 14:00 | Crear | Villager (Male) |
| 14:20 | Construir | Watch Tower |
| 14:36 | Construir | Palisade Wall |
| 14:37 | Construir | Palisade Wall |
| 14:38 | Construir | Palisade Wall |
| 14:39 | Construir | Palisade Wall |
| 14:40 | Construir | Palisade Wall |
| 14:41 | Construir | Palisade Wall |
| 14:56 | Crear | Villager (Male) |
| 15:07 | Construir | Palisade Wall |
| 15:09 | Construir | Palisade Wall |
| 16:35 | Crear | Villager (Male) |
| 16:35 | Crear | Villager (Male) |
| 16:48 | Crear | Villager (Male) |
| 17:17 | Construir | Watch Tower |
| 18:04 | Construir | Watch Tower |
| 18:13 | Construir | Watch Tower |
| 18:37 | Construir | Watch Tower |
| 19:26 | Crear | Villager (Male) |
| 19:26 | Crear | Villager (Male) |
| 19:27 | Crear | Villager (Male) |
| 20:07 | Construir | Watch Tower |
Build order — DL
53 acciones detectadas en el replay
| 0:02 | Construir | House |
| 0:04 | Construir | House |
| 0:13 | Crear | Villager (Male) |
| 0:13 | Crear | Villager (Male) |
| 0:13 | Crear | Villager (Male) |
| 0:34 | Crear | Villager (Male) |
| 0:34 | Crear | Villager (Male) |
| 1:53 | Crear | Villager (Male) |
| 1:58 | Construir | Lumber Camp |
| 2:06 | Crear | Villager (Male) |
| 2:06 | Crear | Villager (Male) |
| 2:20 | Crear | Villager (Male) |
| 2:57 | Crear | Villager (Male) |
| 2:58 | Crear | Villager (Male) |
| 3:31 | Crear | Villager (Male) |
| 3:36 | Construir | House |
| 3:59 | Crear | Villager (Male) |
| 4:08 | Construir | Mill |
| 4:34 | Crear | Villager (Male) |
| 4:55 | Crear | Villager (Male) |
| 5:05 | Crear | Villager (Male) |
| 5:27 | Crear | Villager (Male) |
| 6:29 | Construir | House |
| 6:37 | Crear | Villager (Male) |
| 6:40 | Crear | Villager (Male) |
| 7:26 | Investigar | Loom |
| 7:32 | Construir | Mining Camp |
| 7:52 | Investigar | Feudal Age |
| 8:06 | Construir | Mill |
| 9:26 | Construir | Barracks |
| 10:02 | Edad | Edad Feudal |
| 10:16 | Crear | Villager (Male) |
| 10:16 | Crear | Villager (Male) |
| 10:48 | Crear | Villager (Male) |
| 10:49 | Crear | Villager (Male) |
| 11:38 | Construir | House |
| 12:10 | Construir | Farm |
| 12:10 | Construir | Farm |
| 12:10 | Construir | Farm |
| 12:10 | Construir | Farm |
| 12:35 | Crear | Villager (Male) |
| 12:38 | Construir | Farm |
| 13:36 | Investigar | Double-Bit Axe |
| 13:52 | Crear | Villager (Male) |
| 13:53 | Crear | Villager (Male) |
| 14:39 | Crear | Villager (Male) |
| 14:48 | Construir | Blacksmith |
| 14:56 | Crear | Villager (Male) |
| 16:24 | Construir | Market |
| 16:41 | Crear | Villager (Male) |
| 16:59 | Construir | Mining Camp |
| 17:41 | Investigar | Castle Age |
| 20:21 | Edad | Edad de los Castillos |
Cronología de la partida
| 9:26 | DL · first_building Barracks |
| 9:58 | Fs.Corisco^Hs · age_up feudal |
| 10:02 | DL · age_up feudal |
| 11:39 | Fs.Corisco^Hs · wall_segment Palisade Wall x1 |
| 11:41 | Fs.Corisco^Hs · wall_segment Palisade Wall x1 |
| 11:45 | Fs.Corisco^Hs · wall_segment Palisade Wall x1 |
| 14:36 | Fs.Corisco^Hs · wall_segment Palisade Wall x1 |
| 14:37 | Fs.Corisco^Hs · wall_segment Palisade Wall x1 |
| 14:38 | Fs.Corisco^Hs · wall_segment Palisade Wall x1 |
| 14:39 | Fs.Corisco^Hs · wall_segment Palisade Wall x1 |
| 14:40 | Fs.Corisco^Hs · wall_segment Palisade Wall x1 |
| 14:41 | Fs.Corisco^Hs · wall_segment Palisade Wall x1 |
| 15:07 | Fs.Corisco^Hs · wall_segment Palisade Wall x1 |
| 15:09 | Fs.Corisco^Hs · wall_segment Palisade Wall x1 |
| 20:21 | DL · age_up castle |
| 20:21 | Fs.Corisco^Hs · resign |
[ ANÁLISIS IA · 1 CRÉDITO ]
¿Qué pasó realmente en esta partida?
Wolo.gg analiza cada decisión: build order, eco, micro, errores típicos por bracket. Análisis personalizado por WhatsApp o Discord en 30 segundos.
Guía civ
Teutones
Perfil
Fs.Corisco^Hs